 Dungeon Sprint DCSS version 0.28-a0-233-gb8ca4b6547 (webtiles) character file.

Game seed: 16997025789404131479

417 tbh1313 the Carver (level 6, -1/66 HPs)
             Began as a Minotaur Berserker on Aug 22, 2021.
             Was an Elder of Trog.
             Slain by a fire elemental (14 damage)
             ... summoned by a deep elf pyromancer
             ... in the Dungeon (Sprint III: "The Ten Rune Challenge").
             The game lasted 00:02:26 (820 turns).

tbh1313 the Carver (Minotaur Berserker)              Turns: 820, Time: 00:02:27

Health: -1/66      AC:  6    Str: 22    XL:     6   Next: 61%
Magic:  5/5        EV: 10    Int:  6    God:    Trog [****..]
Gold:   8          SH:  0    Dex:  9    Spells: 5/5 levels left

rFire   . . .      SeeInvis .   a - +0 falchion
rCold   . . .      Faith    .   (no shield)
rNeg    . . .      Spirit   .   i - +0 scale mail
rPois   .          Reflect  .   (helmet restricted)
rElec   .          Harm     .   (no cloak)
rCorr   .          Rampage  .   (no gloves)
Will    .....      NoTele   +   (no boots)
Stlth   ..........              (no amulet)
HPRegen 0.21/turn               (no ring)
MPRegen 0.09/turn               (no ring)

@: on berserk cooldown, slowed, very slow
A: horns 2, retaliatory headbutt
a: Renounce Religion, Berserk, Trog's Hand, Brothers in Arms


You were in the Dungeon.
You worshipped Trog.
Trog was greatly pleased with you.
You visited 1 branch You collected 8 gold pieces.

Inventory:

Hand Weapons
 a - a +0 falchion (weapon)
Armour
 i - a +0 scale mail (worn)
Scrolls
 h - a scroll of blinking
 j - a scroll of torment {unknown}
 m - a scroll of immolation {unknown}
Potions
 b - 3 potions of mutation
 e - a potion of haste
 f - 2 potions of magic
 g - a potion of berserk rage
 l - 2 potions of flight
 n - a potion of lignification {unknown}


   Skills:
 + Level 10.1 Fighting
 - Level 14.0 Long Blades
 - Level 2.4 Armour
 - Level 2.1 Dodging


You had 5 spell levels left.
You didn't know any spells.
Your spell library contained the following spells:

 Spells                   Type           Power      Damage    Failure   Level
 Animate Skeleton         Necr           0%         N/A       78%         1
 Apportation              Tloc           0%         N/A       78%         1
 Corona                   Hex            0%         N/A       78%         1
 Summon Small Mammal      Summ           0%         N/A       78%         1
 Ensorcelled Hibernation  Hex/Ice        0%         N/A       89%         2
 Tukima's Dance           Hex            0%         N/A       98%         3


Dungeon Overview and Level Annotations

Branches:
Dungeon (1/1)

Altars:
Elyvilon
Kikubaaqudgha
Okawaru
Sif Muna
Trog
Uskayaw
Vehumet
Wu Jian
Zin
The Shining One
Beogh


Innate Abilities, Weirdness & Mutations

You have a pair of horns on your head.
You reflexively headbutt those who attack you in melee.


Message History

You need to enable at least one skill for training.
Your Fighting skill gained 3 levels and is now at level 6!
You have reached level 6!
Your experience leads to an increase in your attributes!
Increase (S)trength, (I)ntelligence, or (D)exterity?
You feel clever.
You miss the human. You headbutt the human.
The human is lightly wounded.
You slash the human!
The human is moderately wounded.
The human hits you!
You hit the human. You headbutt the human!!
You kill the human!
Trog accepts your kill.
Your Fighting skill gained 4 levels and is now at level 10!
There is an open door, spattered with blood here.
You see here a human corpse.
You start resting.
You feel a strong urge to attack something.
You are no longer berserk.
You are exhausted.
You feel yourself slow down. As you open the door, it creaks loudly!
A deep elf pyromancer comes into view.
It is wielding a +2 long sword of holy wrath.
The deep elf pyromancer shouts!
The deep elf pyromancer casts a spell.
The deep elf pyromancer points at you and mumbles some strange words.
The sticky flame hits you.
You are covered in liquid flames!
Found two altars.
You are covered in liquid flames!
* * * LOW HITPOINT WARNING * * *
There is an open door, spattered with blood here.
You see here a human corpse.
You are covered in liquid flames!
* * * LOW HITPOINT WARNING * * *
There is a hide-covered altar of Uskayaw here.
There's a creature in the doorway!
You feel better. The fire elemental hits you. The fire elemental burns you!
You die...

▓▓▓▓▓▓ ▓▓▓ ...♣.♣
♣.######### ....♣♣♣
♣.#e__#___# ......♣
♣♣.#..E#@_)#
....≈.♣♣♣..###○#E###+##
...≈≈..♣♣..#...○......#
..≈≈≈≈♣..♣.'.⌠........#
..≈≈≈≈≈≈♣♣.#...######+#
.≈≈≈≈≈≈....#.⌠.#
.≈≈≈≈≈.....#...#
.≈≈≈.......#)###
...........#...#


You could see a fire elemental (summoned).

Levels and vault maps discovered:
D:        dungeon_sprint_mu [sprint_mu_entry_forest, sprint_mu_temple_rooms,
          sprint_mu_d1_spiders, sprint_mu_d2_genie, sprint_mu_d3_branching,
          sprint_mu_orc_legion, sprint_mu_elf_gauntlet, sprint_mu_hive_nellie,
          sprint_mu_lair_fedhas, sprint_mu_vaults_butterflies,
          sprint_mu_slime_circle, sprint_mu_swamp_cave, sprint_mu_snake_twists,
          sprint_mu_blade_basic, sprint_mu_crypt_chambers,
          sprint_mu_tomb_spiral, sprint_mu_vestibule_basic,
          sprint_mu_gehenna_hellfire, sprint_mu_dis_giant,
          sprint_mu_tartarus_statrot, sprint_mu_cocytus_islands, sprint_mu_zot1]

Notes
Turn   | Place    | Note
-------+----------+-------------------------------------------
     0 | D        | tbh1313 the Minotaur Berserker began the quest for the Orb.
     0 | D        | Reached XP level 1. HP: 19/19 MP: 0/0
     5 | D        | Reached skill level 4 in Long Blades
    37 | D        | Reached ** piety under Trog
    38 | D        | Reached skill level 5 in Long Blades
   133 | D        | Reached skill level 7 in Long Blades
   133 | D        | Reached XP level 2. HP: 26/26 MP: 1/1
   250 | D        | Reached skill level 8 in Long Blades
   250 | D        | Reached XP level 3. HP: 31/31 MP: 2/2
   341 | D        | Noticed a water elemental
   347 | D        | Killed a water elemental
   347 | D        | Reached *** piety under Trog
   348 | D        | Reached skill level 11 in Long Blades
   348 | D        | Reached XP level 4. HP: 39/39 MP: 3/3
   405 | D        | Killed an eight-headed hydra
   435 | D        | Found a glowing silver altar of Zin.
   441 | D        | Found a radiant altar of Vehumet.
   442 | D        | Found a shimmering blue altar of Sif Muna.
   442 | D        | Found an ancient bone altar of Kikubaaqudgha.
   442 | D        | Noticed a wizard
   444 | D        | Noticed a rust devil
   446 | D        | Noticed a chaos spawn
   474 | D        | Killed a wizard
   475 | D        | Reached skill level 12 in Long Blades
   475 | D        | Reached XP level 5. HP: 11/45 MP: 4/4
   796 | D        | Found a hide-covered altar of Uskayaw.
   796 | D        | Found an iron altar of Okawaru.
   796 | D        | Found a bloodstained altar of Trog.
   796 | D        | Found an ornate altar of the Wu Jian Council.
   796 | D        | Noticed a human
   796 | D        | Noticed a human
   810 | D        | Killed a human
   810 | D        | Reached **** piety under Trog
   811 | D        | Reached skill level 14 in Long Blades
   811 | D        | Reached XP level 6. HP: 36/57 MP: 5/5
   813 | D        | Killed a human
   814 | D        | Reached skill level 10 in Fighting
   817 | D        | Found a glowing golden altar of the Shining One.
   817 | D        | Found a white marble altar of Elyvilon.
   817 | D        | Noticed a deep elf pyromancer
   818 | D        | Noticed a fire elemental
   819 | D        | HP: 3/66 [burnt (9)]
   820 | D        | Slain by a fire elemental

Table legend: (Time is in decaauts)
 A = Elapsed time spent in this place.
 B = Non-inter-level travel time spent in this place.
 C = Inter-level travel time spent in this place.
 D = Time resting spent in this place.
 E = Time spent auto-exploring this place.
 F = Levels seen in this place.
 G = Mean time per level.
                   A        B        C        D        E       F      G
               +--------+--------+--------+--------+--------+-----+--------+
         Total |    849 |    849 |      0 |    561 |    101 |   1 |  849.0 |
       Dungeon |    849 |    849 |      0 |    561 |    101 |   1 |  849.0 |
               +--------+--------+--------+--------+--------+-----+--------+

Top non-repeatable levels by time:
       D: 849 daAuts

Table legend:
 A = Kills in this place as a percentage of kills in entire the game.
 B = Kills by you in this place as a percentage of kills by you in the entire game.
 C = Kills by friends in this place as a percentage of kills by friends in the entire game.
 D = Other kills in this place as a percentage of other kills in the entire game.
 E = Experience gained in this place as a percentage of experience gained in the entire game.
 F = Experience gained in this place divided by the number of levels of this place that you have seen.
                   A       B       C       D       E      F
               +-------+-------+-------+-------+-------+----------------------
         Total | 100.0 | 100.0 |   N/A |   N/A | 100.0 | 596.0
       Dungeon | 100.0 | 100.0 |   N/A |   N/A | 100.0 | 596.0
               +-------+-------+-------+-------+-------+----------------------

Action                   |  1- 3 |  4- 6 || total
-------------------------+-------+-------++-------
Melee: Falchion          |    25 |    22 ||    47
       Headbutt          |     3 |     5 ||     8
Invok: Berserk           |     3 |     2 ||     5
  Use: Scroll            |     2 |       ||     2
       Potion            |       |     2 ||     2
Armor: Animal skin       |     1 |       ||     1
       Scale mail        |     1 |     6 ||     7
Dodge: Dodged            |    11 |     7 ||    18
       Rpst.: Falchion   |     3 |     4 ||     7

Vanquished Creatures
  A water elemental (D)
  A wizard (D)
  3 humans (D)
  A kobold demonologist (D)
  A wolf (D)
  An endoplasm (D)
  3 rats (D)
11 creatures vanquished.

Vanquished Creatures (others)
  A hydra (D)
  7 plants (D)
8 creatures vanquished.

Grand Total: 19 creatures vanquished
